 Dungeon Crawl Stone Soup version 0.29.0-13-gc9e81de378 (webtiles) character file.

Game seed: 8843670761980446465

392 gelatine the Covered (level 6, -5/53 HPs)
             Began as a Minotaur Fighter on Sept 8, 2022.
             Was an Initiate of Ashenzari.
             Slain by Pikel
             ... wielding a +0 whip of freezing
              (12 damage)
             ... on level 4 of the Dungeon.
             The game lasted 00:07:34 (3467 turns).

gelatine the Covered (Minotaur Fighter)             Turns: 3467, Time: 00:07:35

Health: -5/53      AC:  9    Str: 22    XL:     6   Next: 51%
Magic:  5/5        EV: 10    Int:  5    God:    Ashenzari [......]
Gold:   161        SH:  4    Dex: 10    Spells: 5/5 levels left

rFire   . . .      SeeInvis +   a - +0 war axe
rCold   . . .      Faith    .   c - +0 buckler of Ashenzari's Visionary {Cun, Fort} (curse)
rNeg    . . .      Spirit   .   b - +0 scale mail
rPois   .          Reflect  .   (helmet restricted)
rElec   .          Harm     .   (no cloak)
rCorr   .          Rampage  .   m - +0 pair of gloves
Will    .....                   (no boots)
Stlth   ..........              (no amulet)
HPRegen 0.17/turn               (no ring)
MPRegen 0.09/turn               (no ring)

@: hasted, very quick
A: horns 2, retaliatory headbutt, see invisible
a: Renounce Religion, Curse Item, Shatter the Chains


You were on level 4 of the Dungeon.
You worshipped Ashenzari.
Ashenzari was noncommittal.
You visited 1 branch of the dungeon, and saw 4 of its levels.

You collected 161 gold pieces.

Inventory:

Hand Weapons
 a - a +0 war axe (weapon)
Missiles
 s - 9 poisoned darts (quivered)
Armour
 b - a +0 scale mail (worn)
 c - the cursed +0 buckler of Ashenzari's Visionary (worn) {Cun, Fort}

   It has a curse which improves the following skills: Cunning: Dodging and
   Stealth.
   Fortitude: Armour and Shields.
 m - a +0 pair of gloves (worn)
Scrolls
 e - 8 scrolls of identify {unknown}
 j - 3 scrolls of enchant weapon {unknown}
 k - a scroll of acquirement {unknown}
 l - a scroll of butterflies {unknown}
 q - a scroll of immolation {unknown}
 t - a scroll of blinking {unknown}
 v - a scroll of enchant armour {unknown}
 w - a scroll of vulnerability {unknown}
Potions
 d - a potion of might
 f - a potion of resistance {unknown}
 g - 2 potions of haste
 h - a potion of heal wounds {unknown}
 i - 2 potions of magic
 n - a potion of lignification {unknown}
 o - a potion of curing {unknown}
 p - a potion of mutation
 r - a potion of brilliance {unknown}
 u - a potion of flight {unknown}


   Skills:
 + Level 4.7 Fighting
 + Level 5.2 Axes
 + Level 5.9(6.4) Armour
 + Level 1.5(1.9) Dodging
 + Level 0.4(0.6) Stealth
 + Level 4.4(4.8) Shields


You had 5 spell levels left.
You didn't know any spells.
Your spell library contained the following spells:

 Spells                   Type           Power      Damage    Failure   Level
 Ensorcelled Hibernation  Hex/Ice        0%         N/A       94%         2
 Passwall                 Tmut/Erth      0%         N/A       94%         2
 Dazzling Flash           Conj/Hex       0%         N/A       99%         3
 Swiftness                Air            0%         N/A       99%         3
 Iskenderun's Mystic Bla  Conj/Tloc      0%         2d3       100%        4
 Starburst                Conj/Fire      0%         6d3       100%        6


Dungeon Overview and Level Annotations

Branches:
Dungeon (4/15)
 Temple: D:4-7

Altars:
Ashenzari
Nemelex Xobeh

Annotations:
D:4 Pikel


Innate Abilities, Weirdness & Mutations

You have a pair of horns on your head.
You reflexively headbutt those who attack you in melee.
You have supernaturally acute eyesight. (SInv)


Message History

Found a dagger. 2 lemures come into view.
The lemure shouts! x2; You hear a shout!
A lemure comes into view.
The lemure hits you but does no damage.
You closely miss the lemure. The lemure closely misses you.
You furiously retaliate!
You headbutt the lemure, but do no damage.
You hit the lemure.
The lemure is lightly wounded.
The lemure hits you but does no damage. The lemure hits you.
Pikel barely misses you.
You closely miss the lemure. Your headbutt misses the lemure.
The lemure is lightly wounded.
You closely miss Pikel. The lemure hits you but does no damage.
Pikel says, "You'll feel the lick of my whip!"
Pikel drinks a potion.
Pikel seems to grow stronger.
You closely miss Pikel. You slash the lemure! The lemure hits you.
Pikel hits you with a +0 whip of freezing.
Pikel freezes you.
You hit Pikel but do no damage. You closely miss the lemure.
Pikel hits you with a +0 whip of freezing!
Pikel freezes you. The lemure hits you.
You slash Pikel!
Pikel is moderately wounded.
You barely miss the lemure. Pikel closely misses you.
The lemure hits you but does no damage. The lemure hits you!
* * * LOW HITPOINT WARNING * * *
Pikel hits you with a +0 whip of freezing.
* * * LOW HITPOINT WARNING * * *
Pikel freezes you.
* * * LOW HITPOINT WARNING * * *
It was a potion of haste.
You feel yourself speed up. The lemure misses you. You furiously retaliate!
You headbutt the lemure! Pikel closely misses you.
It was a potion of magic.
Magic courses through your body.
It was a potion of mutation.
You feel extremely strange.
Your vision sharpens.
The lemure barely misses you.
Pikel hits you with a +0 whip of freezing!
You die...

#...#.).)..###.# #.#
#...###†.### #.# #.#
#.......## #.# #.#
##...#### #.# #..
###..##### #.. ...
#####.....####.# ###
......).)...########
..........#...##.K5#
..........###..#@# #
5 ..........#
##.#5#.#..55
..........#
#..5..K.#
###########
###...>....
#.#.####. #.#.#
#.#.# #)# # #.#


You could see Pikel (strong) and 3 lemures.

Vanquished Creatures
  A necrophage (D:4)
  An orc priest (D:2)
  A jelly (D:4)
  Ijyb (D:3)
  3 orc wizards (D:4)
  5 adders
  4 gnolls (D:2)
  3 worms
  A dart slug (D:2)
  5 orcs (D:2)
  6 endoplasms
  3 giant cockroaches
  5 hobgoblins (D:1)
  A jackal (D:2)
  6 kobolds
  A quokka (D:1)
  7 ball pythons
  3 bats
  2 frilled lizards (D:1)
  16 goblins
  4 rats
79 creatures vanquished.

Notes
Turn   | Place    | Note
-------+----------+-------------------------------------------
     0 | D:1      | gelatine the Minotaur Fighter began the quest for the Orb.
     0 | D:1      | Reached XP level 1. HP: 19/19 MP: 0/0
    45 | D:1      | Found a faded altar of an unknown god.
    55 | D:1      | Prayed at the altar of an unknown god.
    55 | D:1      | Became a worshipper of Ashenzari the Shackled
   216 | D:1      | Reached XP level 2. HP: 20/27 MP: 1/1
  1036 | D:2      | Reached XP level 3. HP: 32/33 MP: 2/2
  1207 | D:2      | Reached XP level 4. HP: 6/40 MP: 3/3
  1761 | D:2      | Reached skill level 5 in Armour
  2243 | D:2      | Reached XP level 5. HP: 46/46 MP: 4/4
  2599 | D:3      | Reached skill level 1 in Dodging
  2755 | D:3      | Noticed Ijyb
  2761 | D:3      | Paralysed by something for 4 turns
  2772 | D:3      | Killed Ijyb
  3045 | D:4      | Reached XP level 6. HP: 39/53 MP: 5/5
  3283 | D:4      | Found a sparkling altar of Nemelex Xobeh.
  3322 | D:4      | Reached skill level 5 in Axes
  3455 | D:4      | Noticed Pikel
  3467 | D:4      | Gained mutation: You have supernaturally acute eyesight.
                  | (SInv) [potion of mutation]
  3467 | D:4      | Slain by Pikel

Illustrated notes

Levels and vault maps discovered:
D:1:      dpeg_arrival_refuge, layout_basic, basic_ecumenical_altar
D:2:      cheibrodos_pilgrimage, layout_loops_cross, grunt_decor_cap,
          chequers_serial_rivers_large_a, kennysheep_pointless_box,
          minmay_fractal_squares_5
D:3:      layout_rooms, minmay_misc_feat_doors, minmay_misc_feat_room, uniq_ijyb
D:4:      layout_basic, gammafunk_temple_overflow_elements,
          nemelex_diamond_rough_becter, xom_redecorated,
          minmay_a_box_with_orc_wizards_in_it, uniq_robin, uniq_pikel

Skill      XL: |  1  2  3  4  5  6 |
---------------+-------------------+-----
Armour         | 4 5 |  5.9
Shields        | 4 |  4.4
Fighting       | 4 |  4.7
Axes           | 3 4 5 |  5.2
Dodging        | 1 |  1.5
Stealth        | |  0.4

Action                   |  1- 3 |  4- 6 || total
-------------------------+-------+-------++-------
Melee: War axe           |    70 |   128 ||   198
       Headbutt          |     7 |    14 ||    21
Invok: Curse Item        |       |     1 ||     1
  Use: Potion            |       |     3 ||     3
Armor: Scale mail        |    31 |    61 ||    92
Dodge: Dodged            |    32 |    61 ||    93
Block: Buckler           |    15 |    22 ||    37
